 Dungeon Crawl Stone Soup version 0.24-a0-434-gd57e52fea8 (webtiles) character file.

Game seed: 11723544492888737053

813 KristoblXynda the Slasher (level 7, -2/82 HPs)
             Began as a White Draconian Gladiator on June 16, 2019.
             Was a Follower of Okawaru.
             Killed from afar by an orc wizard (9 damage)
             ... with a puff of frost
             ... on level 4 of the Dungeon.
             The game lasted 00:06:13 (3786 turns).

KristoblXynda the Slasher (DrGl)                    Turns: 3786, Time: 00:06:14

Health: -2/82      AC: 23    Str: 16    XL:     7   Next: 61%
Magic:  7/7        EV:  2    Int: 11    God:    Okawaru [*.....]
Gold:   276        SH:  5    Dex: 12    Spells: 6/6 levels left

rFire    . . .     SeeInvis .   a - +0 long sword
rCold    . . .     Gourm    .   h - +0 buckler
rNeg     + + +     Faith    .   (armour unavailable)
rPois    +         Spirit   .   (helmet currently unavailable)
rElec    .         Reflect  .   (cloak currently unavailable)
rCorr    .         Harm     .   (gloves currently unavailable)
MR       .....     NoTele   +   (boots currently unavailable)
Stlth    +.........             (no amulet)
HPRegen  0.23/turn              (no ring)
MPRegen  0.10/turn              (no ring)

@: tree-form
A: (breathe frost), unfitting armour, AC +6
a: Heroism, Renounce Religion


You were on level 4 of the Dungeon.
You worshipped Okawaru.
Okawaru was aware of your devotion.
You were not hungry.
You were a tree.
You visited 1 branch of the dungeon, and saw 4 of its levels.

You collected 276 gold pieces.

Inventory:

Hand Weapons
 a - a +0 long sword (weapon)
Missiles
 c - 2 throwing nets
 j - 2 javelins (quivered)
Armour
 h - a +0 buckler (worn)
 r - a cursed +0 cloak (melded)
 s - a +2 hat (melded)
Scrolls
 b - a scroll of identify
 i - 3 scrolls of remove curse {unknown}
 k - 2 scrolls of teleportation {unknown}
 l - a scroll of blinking {unknown}
 p - a scroll of amnesia {unknown}
 t - a scroll of magic mapping {unknown}
Potions
 e - a potion of ambrosia
 f - 2 potions of mutation {unknown}
 g - a potion of resistance
 m - 2 potions of haste
 n - a potion of curing {unknown}
 o - a potion of heal wounds
 q - 2 potions of lignification
 u - 2 potions of degeneration {unknown}
Comestibles
 d - 5 rations
 v - a chunk of flesh


   Skills:
 - Level 2.1 Fighting
 * Level 6.8 Long Blades
 - Level 2.0 Throwing
 + Level 4.7 Dodging
 + Level 3.9 Shields


You had 6 spell levels left.
You didn't know any spells.
Your spell library was empty.

Dungeon Overview and Level Annotations

Branches:
Dungeon (4/15)
 Temple: D:4-7

Altars:
Nemelex Xobeh
Okawaru

Shops:
D:4 [


Innate Abilities, Weirdness & Mutations

((You can breathe waves of freezing cold.))
((You can buffet flying creatures when you breathe cold.))
((Your icy white scales are hard. (AC +6)))
You cannot fit into any form of body armour.
((Your flesh is cold resistant. (rC+)))
((You are cold-blooded and may be slowed by cold attacks.))


Message History

The orc wizard casts a spell at you. The puff of flame hits you.
* * * LOW HITPOINT WARNING * * *
The orc wizard hits you but does no damage.
You slash the orc wizard!
You kill the orc wizard!
Okawaru accepts your kill.
You can now gain great but temporary skills.
Something hits you but does no damage.
You closely miss something.
You hear some strange, mumbled words.
A puff of flame appears from out of thin air!
You block the puff of flame.
You barely miss something.
Something hits you but does no damage. x2
You barely miss something. Something hits you but does no damage.
You slash something! You block something's attack.
You hear some strange, mumbled words.
A puff of frost appears from out of thin air!
The puff of frost hits you!
You die...

#####
#)..#
#...# .
#...# #+#
.. ##)##
#.# .#
♣.♣♣ #.#
.. ♣♣.♣
#.## .#
♣.♣♣
#..###..#
♣♣.♣
#.))♣)..#
♣♣.♣♣
#..###.##
♣♣P..♣
#)## #
♣..PP♣
#.#
#+..'#
#.#
#....#
#.#
#...##
#.# ##.##
#.# #.#
#.#


There were no monsters in sight!

Vanquished Creatures
  Menkaure (D:4)
  A sky beast (D:4)
  An ice beast (D:2)
  An ogre (D:4)
  A bullfrog (D:3)
  A scorpion (D:4)
  The ghost of zkyp the Chopper, a weakling FoBe of Trog (D:3)
  An orc priest (D:4)
  2 orc wizards (D:4)
  Crazy Yiuf (D:4)
  A hound skeleton (D:4)
  7 adders
  An ooze (D:3)
  An adder skeleton (D:4)
  3 dart slugs
  A leopard gecko (D:4)
  5 orcs
  2 ball pythons
  2 giant cockroaches
  6 goblins
  12 hobgoblins
  5 jackals
  3 kobolds (D:1)
  A quokka (D:3)
  4 bats
  8 frilled lizards
  A jackal skeleton (D:4)
  8 rats
82 creatures vanquished.

Notes
Turn   | Place    | Note
-------+----------+-------------------------------------------
     0 | D:1      | KristoblXynda the Draconian Gladiator began the quest for
                  | the Orb.
     0 | D:1      | Reached XP level 1. HP: 17/17 MP: 1/1
   375 | D:1      | Reached XP level 2. HP: 24/24 MP: 2/2
   388 | D:1      | Found a sparkling altar of Nemelex Xobeh.
   961 | D:2      | Reached XP level 3. HP: 25/29 MP: 3/3
  1055 | D:2      | Noticed an ice beast
  1063 | D:2      | Reached skill level 1 in Shields
  1234 | D:2      | Killed an ice beast
  1234 | D:2      | Reached skill level 4 in Long Blades
  1234 | D:2      | Reached XP level 4. HP: 18/36 MP: 4/4
  1569 | D:2      | Reached XP level 5. HP: 34/41 MP: 5/5
  2385 | D:3      | Found a runed translucent door.
  2408 | D:3      | Noticed zkyp's ghost (weakling FoBe)
  2418 | D:3      | Reached skill level 5 in Long Blades
  2422 | D:3      | Reached XP level 6. HP: 25/48 MP: 6/6
  2456 | D:3      | Killed zkyp's ghost
  2825 | D:4      | Noticed a sky beast
  2842 | D:4      | Killed a sky beast
  2983 | D:4      | Found Sycw's Antique Armour Boutique.
  3052 | D:4      | Found an iron altar of Okawaru.
  3201 | D:4      | Became a worshipper of Warmaster Okawaru
  3268 | D:4      | Reached skill level 6 in Long Blades
  3268 | D:4      | Your scales start taking on an icy white colour.
  3268 | D:4      | Reached XP level 7. HP: 33/55 MP: 7/7
  3268 | D:4      | Gained mutation: Your flesh is cold resistant. (rC+) [White
                  | Draconian growth]
  3643 | D:4      | Found a runed translucent door.
  3644 | D:4      | Noticed Crazy Yiuf
  3653 | D:4      | Killed Crazy Yiuf
  3708 | D:4      | Noticed Menkaure
  3721 | D:4      | Killed Menkaure
  3732 | D:4      | HP: 3/82 [orc priest/divine providence (11)]
  3782 | D:4      | Reached * piety under Okawaru
  3786 | D:4      | Killed from afar by an orc wizard

Levels and vault maps discovered:
D:1:      noname_arrival_rooms_in_the_neighbourhood, layout_basic,
          minmay_statues_item, nemelex_diamond_rough_becter
D:2:      layout_loops_ring
D:3:      layout_rooms, ebering_ghost_sewer_d
D:4:      layout_loops_corners, lemuel_doored_altar, serial_shops, shop, shop,
          grunt_ministairs_12, uniq_menkaure, uniq_crazy_yiuf_cottage

Skill      XL: |  1  2  3  4  5  6 |
---------------+-------------------+-----
Throwing       | 2 |  2.0
Dodging        | 3 4 |  4.7
Shields        | 1 2 3 |  3.9
Long Blades    | 4 5 6 |  6.8
Fighting       | |  2.1

Action                   |  1- 3 |  4- 6 |  7- 9 || total
-------------------------+-------+-------+-------++-------
Melee: Long sword        |    74 |   157 |    69 ||   300
       Tailslap          |     9 |    28 |     4 ||    41
Throw: Javelin           |     2 |       |       ||     2
       Throwing net      |     2 |       |       ||     2
 Abil: Breathe Frost     |       |       |     1 ||     1
Evoke: Wand              |       |     9 |       ||     9
  Use: Scroll            |       |     4 |       ||     4
       Potion            |       |     2 |     4 ||     6
 Stab: Sleeping          |     1 |     1 |       ||     2
       Paralysed         |       |     2 |       ||     2
       Invisible         |       |       |     1 ||     1
  Eat: Chunk             |     1 |     5 |       ||     6
       Ration            |       |     1 |       ||     1
Armor: Skin              |    10 |    46 |    38 ||    94
Dodge: Dodged            |    43 |   105 |    19 ||   167
Block: Buckler           |    14 |    30 |    17 ||    61
       Rpst.: Long sword |    12 |    31 |     5 ||    48

Table legend:
 A = Non-vault XP
 B = Vault XP
 C = Vault XP percentage of total XP
 D = Non-vault monster count
 E = Vault monster count
 F = Vault count percentage of total count
                 A         B        C        D         E       F
            +---------+---------+-------+---------+---------+-------
      Total |     774 |     388 |  33.4 |      76 |       6 |   7.3
            +---------+---------+-------+---------+---------+-------
        D:1 |      35 |       0 |   0.0 |      20 |       0 |   0.0
        D:2 |     173 |       0 |   0.0 |      13 |       0 |   0.0
        D:3 |      85 |     182 |  68.2 |      30 |       4 |  11.8
        D:4 |     481 |     206 |  30.0 |      13 |       2 |  13.3
            +---------+---------+-------+---------+---------+-------
